 Dungeon Crawl Stone Soup version 0.17-a0-1741-gd5e8965 (webtiles) character file.

13790 Krapule the Protected (level 11, -5/102 HPs)
             Began as a Minotaur Fighter on Aug 31, 2015.
             Was an Elder of Qazlal.
             Engulfed by an ice statue's freezing vapour (22 damage)
             ... on level 11 of the Dungeon.
             The game lasted 00:48:42 (14299 turns).

Krapule the Protected (Minotaur Fighter)           Turns: 14299, Time: 00:48:42

Health: -5/102     AC: 19    Str: 22    XL:     11   Next: 80%
Magic:  16/16      EV: 12    Int:  5    God:    Qazlal [****..]
Gold:   962        SH: 24    Dex: 12    Spells: 0 memorised, 10 levels left

rFire  . . .     SeeInvis +     b - +5 double sword (protect)
rCold  . . .     Clarity  .     I - +0 steam dragon armour
rNeg   + . .     SustAt   .     G - +0 large shield
rPois  .         Gourm    .     (helmet restricted)
rElec  .         Spirit   .     u - +0 cloak
rCorr  .         Warding  .     C - +2 pair of gloves
rMut   .         Stasis   .     i - +0 pair of boots
MR     .....                    g - amulet of faith
Stlth  ++........               y - ring of Shadows {Umbra +Inv rN+ SInv}
                                q - ring of stealth

@: wreathed by umbra, repel missiles, not resistant to hostile enchantments,
unstealthy
A: retaliatory headbutt, horns 2
a: Upheaval, Elemental Force, Renounce Religion, Evoke Invisibility


You were on level 11 of the Dungeon.
You worshipped Qazlal.
Qazlal was greatly pleased with you.
You were not hungry.

You visited 3 branches of the dungeon, and saw 13 of its levels.
You also visited: Sewer.

You collected 1143 gold pieces.
You spent 181 gold pieces at shops.

Inventory:

Hand weapons
 b - a +5 double sword of protection (weapon)
Armour
 c - a troll hide
 i - a +0 pair of boots (worn)
 u - a +0 cloak (worn)
 C - a +2 pair of gloves (worn)
 G - a +0 large shield (worn)
 I - a +0 steam dragon armour (worn)
Jewellery
 g - an amulet of faith (around neck)
 q - a ring of stealth (left hand)
 w - the amulet of Nenailack {rC- rN++ Regen+ Str-4 Int+2}
   (You found it on level 8 of the Dungeon)

   [amulet of regeneration]

   It affects your strength (-4).
   It affects your intelligence (+2).
   It makes you vulnerable to cold.
   It greatly protects you from negative energy.
   It increases your rate of regeneration.
 y - the ring of Shadows (right hand) {Umbra +Inv rN+ SInv}
   (You found it on level 8 of the Dungeon)

   [ring of invisibility]

   It protects you from negative energy.
   It lets you see invisible.
   It lets you turn invisible.
Magical devices
 m - a wand of slowing (24)
 n - a wand of magic darts (6)
 D - a wand of confusion (22)
Scrolls
 e - 5 scrolls of identify
 l - a scroll of recharging
 o - a scroll of amnesia
 v - 4 scrolls of teleportation
 x - 2 scrolls of fear
 z - 2 scrolls of magic mapping
 F - 4 scrolls of remove curse
 H - a scroll of fog
Potions
 a - a potion of flight {unknown}
 d - a potion of brilliance
 f - 2 potions of beneficial mutation
 h - 5 potions of curing
 p - a potion of haste
 r - 4 potions of agility
 t - 3 potions of heal wounds
Books
 s - a book of Debilitation

   Spells                             Type                      Level
   a - Corona                         Hexes                        1
   b - Slow                           Hexes                        2
   c - Gell's Gravitas                Hexes/Translocation          3
   d - Inner Flame                    Hexes/Fire                   3
   e - Cause Fear                     Hexes                        4
   f - Leda's Liquefaction            Hexes/Earth                  4
 B - a book of Burglary

   Spells                             Type                      Level
   a - Swiftness                      Charms/Air                   2
   b - Passwall                       Transmutation/Earth          3
   c - Passage of Golubria            Translocation                4
   d - Lee's Rapid Deconstruction     Earth                        5
   e - Darkness                       Hexes                        6
   f - Invisibility                   Hexes                        6
Comestibles
 j - 7 meat rations
 k - 4 bread rations
 A - a slice of pizza
 E - 3 beef jerkies


   Skills:
 + Level 11.5 Fighting
 - Level 3.0 Long Blades
 + Level 11.8 Armour
 + Level 6.7 Dodging
 + Level 11.5 Shields
 - Level 8.0 Invocations


You had 10 spell levels left.
You didn't know any spells.

Dungeon Overview and Level Annotations

Branches:
Dungeon (11/15)            Temple (1/1) D:5            Lair (1/8) D:11
    Orc (0/4) D:10

Altars:
Ashenzari
Cheibriados
Dithmenos
Fedhas
Gozag
Kikubaaqudgha
Makhleb
Nemelex Xobeh
Okawaru
Qazlal
Ru
Sif Muna
Trog
Vehumet
Xom
Yredelemnul
Zin
The Shining One

Shops:
D:5 [   D:10 [(

Portals:
Ice
Cave: D:11

Annotations:
D:5 Ladykiller69's ghost, experienced FoFi
D:11 exclusion: ice statue


Innate Abilities, Weirdness & Mutations

You reflexively headbutt those who attack you in melee.
You have a pair of horns on your head.


Message History

The ice statue throws cold at you. The freezing blast engulfs you!
There is an open door here.
You are engulfed in freezing vapours.
* * * LOW HITPOINT WARNING * * *
The ice statue throws cold at you.
The freezing blast is repelled.
You are engulfed in freezing vapours.
* * * LOW HITPOINT WARNING * * *
The ice statue throws cold at you.
The bolt of cold is repelled.
There is an open door here.
Drink which item? (? for menu, Esc to quit)
It was a potion of heal wounds.
You feel much better.
You are engulfed in freezing vapours.
* * * LOW HITPOINT WARNING * * *
The ice statue throws cold at you. The freezing blast misses you.
You are engulfed in freezing vapours.
You die...

####.######........ #.
######### .. #.. . #.#
#.# ###+###### #####'#
#....§...#### #......
#.§§§§§§.'..####......
#..§§@§..##....'......
####§###########......
#§§§§§# #......
#§§§§§# #......
#..8§§# #######
#....§# #..∩..#
#...?.# #######


You could see an ice statue.

Vanquished Creatures
  Erolcha (D:8)
  An unseen horror (D:10)
  A hill giant (D:10)
  An ugly thing (D:11)
  2 manticores
  Joseph (D:7)
  A spiny frog (D:11)
  2 gargoyles
  The ghost of cireshan the Conjurer, an experienced DECj of Sif Muna (D:6)
  3 trolls (D:10)
  A two-headed ogre (shapeshifter) (D:9)
  10 yaks
  Grum (D:8)
  A steam dragon (D:9)
  4 wolves (D:8)
  A hungry ghost (D:9)
  Duvessa (D:5)
  4 orc warriors
  A water moccasin (D:10)
  3 sky beasts
  A black bear (D:6)
  3 ice beasts
  6 ogres
  A necrophage (D:9)
  3 phantoms
  7 centaurs
  Blork the orc (D:5)
  Dowan (D:5)
  4 giant frogs
  5 wights (D:11)
  A scorpion (D:10)
  8 killer bees
  5 crimson imps
  4 orc priests
  A gnoll shaman (D:6)
  4 jellies
  2 centaur zombies
  Crazy Yiuf (D:5)
  A wasp zombie (D:11)
  8 hounds
  12 orc wizards
  12 worker ants
  3 centaur skeletons
  An iguana (D:7)
  3 hound zombies
  2 hound skeletons
  22 adders
  6 gnolls
  2 worker ant zombies
  3 shadow imps
  3 oozes
  3 worms
  A giant gecko (D:4)
  31 orcs
  5 bats
  8 giant cockroaches
  9 goblins
  7 hobgoblins
  7 jackals
  11 kobolds
  2 quokkas
  6 ball pythons
  A giant cockroach zombie (D:5)
  2 giant gecko skeletons
  A giant gecko zombie (D:3)
  12 giant newts
  4 rats
  3 plants (Sewer)
290 creatures vanquished.

Vanquished Creatures (others)
  A plant (Sewer)
1 creature vanquished.

Grand Total: 291 creatures vanquished

Notes
Turn   | Place    | Note
--------------------------------------------------------------
     0 | D:1      | Krapule the Minotaur Fighter began the quest for the Orb.
     0 | D:1      | Reached XP level 1. HP: 19/19 MP: 0/0
    82 | D:1      | Reached XP level 2. HP: 27/27 MP: 1/1
   725 | D:2      | Reached skill level 4 in Armour
   728 | D:2      | Reached XP level 3. HP: 9/33 MP: 2/2
  1009 | D:2      | Reached skill level 1 in Dodging
  1361 | D:2      | Reached XP level 4. HP: 40/40 MP: 3/3
  1834 | D:3      | Reached XP level 5. HP: 33/47 MP: 4/4
  2335 | D:3      | Reached skill level 5 in Armour
  3119 | D:4      | Reached skill level 5 in Shields
  3119 | D:4      | Reached XP level 6. HP: 48/53 MP: 5/5
  3310 | D:4      | Reached skill level 5 in Fighting
  3665 | D:5      | Entered Level 5 of the Dungeon
  3676 | D:5      | Noticed Ladykiller69's ghost (experienced FoFi)
  3725 | D:5      | Noticed Blork the orc
  3738 | D:5      | Killed Blork the orc
  3891 | D:4      | Reached XP level 7. HP: 37/61 MP: 6/6
  3984 | D:5      | Noticed Crazy Yiuf
  4003 | D:5      | Killed Crazy Yiuf
  4003 | D:5      | Reached skill level 6 in Armour
  4309 | D:5      | Found a glowing drain.
  4358 | Sewer    | Entered a sewer
  5294 | D:5      | Found a staircase to the Ecumenical Temple.
  5300 | Temple   | Entered the Ecumenical Temple
  5346 | Temple   | Became a worshipper of Qazlal Stormbringer
  5630 | D:5      | Noticed Dowan
  5631 | D:5      | Noticed Duvessa
  5654 | D:5      | Killed Duvessa
  5664 | D:5      | Killed Dowan
  5664 | D:5      | Reached skill level 1 in Invocations
  5958 | D:5      | Found a sacrificial altar of Ru.
  5959 | D:5      | Reached XP level 8. HP: 70/70 MP: 7/7
  6067 | D:6      | Noticed cireshan's ghost (experienced DECj)
  6114 | D:5      | Reached skill level 5 in Dodging
  6260 | D:5      | Found Wyreem's Armour Emporium.
  6263 | D:5      | Bought a +2 pair of gloves for 181 gold pieces
  6418 | D:5      | Found a basalt altar of Yredelemnul.
  6418 | D:5      | Found a blossoming altar of Fedhas.
  6547 | D:6      | Killed cireshan's ghost
  6547 | D:6      | Reached skill level 7 in Armour
  6692 | D:6      | Found an iron altar of Okawaru.
  6864 | D:6      | Found a shimmering altar of Xom.
  7413 | D:6      | Reached XP level 9. HP: 59/79 MP: 10/10
  7839 | D:7      | Acquired Qazlal's first power
  7847 | D:7      | Reached skill level 8 in Armour
  8044 | D:7      | Noticed Joseph
  8304 | D:7      | Killed Joseph
  8556 | D:7      | Found an opulent altar of Gozag.
  8766 | D:8      | Noticed Erolcha
  8889 | D:8      | Reached skill level 5 in Invocations
  9164 | D:8      | Killed Erolcha
  9164 | D:8      | Reached skill level 9 in Fighting
  9183 | D:8      | Got a slimy tin amulet
  9237 | D:8      | Reached XP level 10. HP: 91/91 MP: 13/13
  9294 | D:8      | Identified the amulet of Nenailack {rC- rN++ Regen+ Str-4 Int+2} (You found it on level 8 of the Dungeon)
  9326 | D:8      | Noticed Grum
  9792 | D:8      | Acquired Qazlal's second power
  9985 | D:8      | Found a glowing golden altar of the Shining One.
  9986 | D:8      | Found a snail-covered altar of Cheibriados.
  9996 | D:8      | Killed Grum
 10662 | D:9      | Reached skill level 10 in Armour
 11076 | D:10     | Entered Level 10 of the Dungeon
 11367 | D:10     | Found Xuviqiog's Weapon Emporium.
 11367 | D:10     | Found a staircase to the Orcish Mines.
 11400 | D:10     | Reached skill level 10 in Fighting
 11400 | D:10     | Reached skill level 10 in Shields
 11422 | D:10     | Noticed an orc knight
 11496 | D:10     | Found Lyfon's Armour Emporium.
 11843 | D:10     | Identified a scroll of acquirement
 11959 | D:10     | Noticed a manticore
 11977 | D:10     | Killed a manticore
 12223 | D:10     | Acquired Qazlal's third power
 12244 | D:10     | Noticed an unseen horror
 12254 | D:10     | Killed an unseen horror
 12254 | D:10     | Reached XP level 11. HP: 87/101 MP: 15/15
 12750 | D:10     | Reached skill level 11 in Armour
 12809 | D:10     | Noticed a hill giant
 12824 | D:10     | Killed a hill giant
 13660 | D:9      | Acquired Qazlal's fourth power
 13947 | D:11     | Found a staircase to the Lair.
 13951 | Lair:1   | Entered Level 1 of the Lair of Beasts
 14222 | D:11     | Found a frozen archway.
 14222 | D:11     | Noticed an ice statue
 14299 | D:11     | Engulfed by an ice statue's freezing vapour

Vault maps used:
D:1:      lemuel_arrival_rhombus
D:3:      first_bread
D:4:      due_unseen_surprise
D:5:      gammafunk_temple_overflow_wave, temple_statues, serial_shops,
          kennysheep_mini, gup_sewer_entry_glass, hangedman_ru_absence,
          uniq_duvessa, uniq_blork_the_orc, uniq_crazy_yiuf_cottage
D:6:      nicolae_overflow_hidden_temple, okawaru_ov_weapons_minmay,
          hangedman_abyss_or_decor_passed
D:7:      grunt_gozag_breadcrumbs, uniq_joseph
D:8:      gammafunk_temple_overflow_pools, uniq_erolcha, uniq_grum
D:9:      minmay_klotski
D:10:     orc_david_3
D:11:     lair_0_dummy, portal_ice_cave_entry_ice_statue_01
Temple:   triangle_lava_temple_12
Lair:1:   st_stairs_8
Sewer:    sewer_co_scattered_pipes

Action                   |  1- 3 |  4- 6 |  7- 9 | 10-12 || total
-------------------------+-------+-------+-------+-------++-------
Melee: Long sword        |    98 |   179 |   483 |   219 ||   979
       Double sword      |       |       |       |   269 ||   269
Evoke: Wand              |       |       |     1 |     3 ||     4
  Use: Scroll            |     7 |     3 |     4 |     3 ||    17
       Potion            |       |     2 |     7 |     3 ||    12
 Stab: Confused          |       |       |       |     2 ||     2
  Eat: Chunk             |     1 |     5 |    17 |    19 ||    42
       Bread ration      |       |     1 |       |       ||     1
       Beef jerky        |       |       |     1 |       ||     1
